 Dungeon Crawl Stone Soup version 0.30-a0-509-gd016549fea (webtiles) character file.

Game seed: 11525731582608518056

91 oldriver the Sneak (level 4, -1/40 HPs)
             Began as a Naga Artificer on Dec 23, 2022.
             Constricted to death by Ijyb (3 damage)
             ... on level 3 of the Dungeon.
             The game lasted 00:03:17 (2453 turns).

oldriver the Sneak (Naga Artificer)                 Turns: 2453, Time: 00:03:18

Health: -1/40      AC:  4    Str: 15    XL:     4   Next: 57%
Magic:  4/4        EV:  6    Int:  9    God:
Gold:   225        SH:  5    Dex: 13    Spells: 3/3 levels left

rFire   . . .      SeeInvis +    g - +0 short sword
rCold   . . .      Faith    .    (no shield)
rNeg    . . .      Spirit   .    b - +1 leather armour
rPois   +          Reflect  +    (no helmet)
rElec   .          Harm     .    (no cloak)
rCorr   .          Rampage  .    (no gloves)
Will    .....                    (no barding)
Stlth   +++.......               f - amulet of reflection
HPRegen 0.26/turn                (no ring)
MPRegen 0.09/turn                (no ring)

@: grasped by roots, constricted, very slow
A: AC +1, large, see invisible, deformed body, poison resistance, slowness 2,
spit poison 2, naga tail 1, dopey 1, mutation resistance 1
a: Breathe Poison Gas


You were on level 3 of the Dungeon.
You visited 1 branch of the dungeon, and saw 3 of its levels.

You collected 225 gold pieces.

Inventory:

Hand Weapons
 g - a +0 short sword (weapon)
Missiles
 i - 4 poisoned darts
Armour
 b - a +1 leather armour (worn)
 o - a +0 buckler
Jewellery
 f - an amulet of reflection (around neck)
Wands
 c - a wand of flame (36)
 d - a wand of charming (13)
 e - a wand of iceblast (5)
Scrolls
 p - a scroll of blinking {unknown}
 q - a scroll of brand weapon {unknown}
 r - a scroll of fear {unknown}
Potions
 a - a potion of cancellation {unknown}
 h - 2 potions of curing {unknown}
 j - a potion of might {unknown}
 k - a potion of haste {unknown}
 l - 3 potions of mutation
 m - a potion of heal wounds {unknown}
 n - a potion of brilliance {unknown}


   Skills:
 + Level 2.4 Fighting
 - Level 1.5 Armour
 - Level 0.7 Dodging
 * Level 5.6 Stealth
 - Level 3.0 Evocations


You had 3 spell levels left.
You didn't know any spells.
Your spell library contained the following spells:

 Spells                   Type           Power      Damage    Failure   Level
 Beastly Appendage        Tmut           0%         N/A       45%         1
 Wereblood                Tmut           0%         N/A       58%         2
 Spider Form              Tmut/Pois      0%         N/A       83%         3
 Tukima's Dance           Hex            0%         N/A       83%         3
 Passage of Golubria      Tloc           0%         N/A       99%         4
 Yara's Violent Unravell  Hex/Tmut       0%         3d3       100%        5


Dungeon Overview and Level Annotations

Branches:
Dungeon (3/15)

Altars:
Kikubaaqudgha

Annotations:
D:3 Ijyb


Innate Abilities, Weirdness & Mutations

Your serpentine skin is tough. (AC +1)
You have supernaturally acute eyesight. (SInv)
Armour fits poorly on your strangely shaped body.
Your system is resistant to poisons. (rPois)
You cover ground very slowly.
You can exhale a cloud of poison.
You have a snake-like lower body.
You are dopey. (Int -2)
You are somewhat resistant to further mutation.


Message History

Ijyb is heavily wounded.
You have got your breath back.
Ijyb zaps a wand.
The roots erupt in riotous growth!
The grasping roots grab you!
Ijyb is unaffected.
The grasping roots constrict you.
You barely miss Ijyb.
Ijyb is heavily wounded.
Ijyb hits you with a +0 dagger. The grasping roots constrict you.
Aiming: Spit Poison (1% risk of failure)
Press: ? - help, Shift-Dir - straight line, f/p - Ijyb
Aim: Ijyb, wielding a +0 dagger, wearing a +0 leather armour and carrying a wand of roots (5) (heavily wounded, 50% to hit)
You fail to use your ability.
Ijyb hits you with a +0 dagger. The grasping roots constrict you.
The grasping roots release their grip on you.
You hit Ijyb but do no damage.
Ijyb is heavily wounded.
Ijyb zaps a wand.
The roots erupt in riotous growth!
The grasping roots grab you!
Ijyb is unaffected.
The grasping roots constrict you.
* * * LOW HITPOINT WARNING * * *
Unknown command.
You barely miss Ijyb.
Ijyb is heavily wounded.
Ijyb screams, "Level is mine!
All mine!"
Ijyb hits you but does no damage. The grasping roots constrict you.
* * * LOW HITPOINT WARNING * * *
You hit Ijyb.
Ijyb is heavily wounded.
Ijyb hits you but does no damage. The grasping roots constrict you.
* * * LOW HITPOINT WARNING * * *
The grasping roots release their grip on you.
Unknown command.
It was a potion of mutation.
You feel extremely strange.
You feel stupid.
There is a nasty taste in your mouth for a moment.
You feel genetically stable.
Ijyb zaps a wand.
The roots erupt in riotous growth!
The grasping roots grab you!
Ijyb is unaffected.
The grasping roots constrict you.
You die...

####.###.#.........#
##..# .. #.#.......###
#...#g. #.#....#######
#...#. ##.#...........
##.... #..#.......###.
#....#
##..#........##.
#....#
###...#.##[##..##.
...#....####g....#.
#.###.##.
........)†)†@....#
#.###.##.
######################
#.#......
..#..<.......
#.#.#....
#.#....####.#
#........ #.#.........
###.##### #.#.....###.
#.# # ........... #.#
# ....####### #.#####
....# #.. #.....#


You could see Ijyb.

Vanquished Creatures
  3 adders
  2 worms (D:2)
  3 dart slugs (D:1)
  4 endoplasms
  A giant cockroach (D:2)
  6 goblins
  5 hobgoblins
  4 jackals (D:1)
  2 quokkas
  3 ball pythons
  4 bats
  2 frilled lizards (D:1)
  4 kobolds
  3 rats (D:2)
46 creatures vanquished.

Vanquished Creatures (collateral kills)
  2 goblins (D:3)
2 creatures vanquished.

Grand Total: 48 creatures vanquished

Notes
Turn   | Place    | Note
-------+----------+-------------------------------------------
     0 | D:1      | oldriver the Naga Artificer began the quest for the Orb.
     0 | D:1      | Reached XP level 1. HP: 18/18 MP: 1/1
   332 | D:1      | Reached skill level 2 in Stealth
   349 | D:1      | You fall into a shaft and drop 1 floor!
   521 | D:1      | Reached XP level 2. HP: 25/25 MP: 2/2
   537 | D:1      | Reached skill level 3 in Stealth
   791 | D:1      | Reached XP level 3. HP: 32/32 MP: 3/3
   797 | D:1      | Reached skill level 4 in Stealth
  1488 | D:2      | Reached skill level 5 in Stealth
  1488 | D:2      | Reached XP level 4. HP: 35/39 MP: 4/4
  2053 | D:3      | Found an ancient bone altar of Kikubaaqudgha.
  2392 | D:3      | Noticed Ijyb
  2452 | D:3      | HP: 1/40 [constriction (3)]
  2453 | D:3      | Gained mutation: You are dopey. (Int -2) [potion of
                  | mutation]
  2453 | D:3      | Gained mutation: You can exhale a cloud of poison. [potion
                  | of mutation]
  2453 | D:3      | Gained mutation: You are somewhat resistant to further
                  | mutation. [potion of mutation]
  2453 | D:3      | Constricted to death by Ijyb

Illustrated notes

Levels and vault maps discovered:
D:1:      onia_arrival_mini_spirals, layout_loops_corners
D:2:      kennysheep_six_static_rooms, layout_loops_ring, dreamdust_wishing_well
D:3:      minmay_recursive_quarters, layout_basic, kiku_gazebo_garden_becter,
          dreamdust_princess_bridge, kennysheep_cluttered_room, uniq_ijyb

Skill      XL: |  1  2  3 |
---------------+----------+-----
Stealth        | 2 3 5 |  5.6
Fighting       | 2 |  2.4
Armour         | |  1.5
Dodging        | |  0.7
Evocations     | |  3.0

Action                   |  1- 3 |  4- 6 || total
-------------------------+-------+-------++-------
Melee: Club              |    16 |       ||    16
       Short sword       |    74 |    45 ||   119
 Abil: Spit Poison       |    20 |     8 ||    28
Evoke: Wand              |       |     2 ||     2
  Use: Scroll            |       |     1 ||     1
       Potion            |       |     1 ||     1
 Stab: Sleeping          |     8 |     2 ||    10
Armor: Leather armour    |    32 |    13 ||    45
Dodge: Dodged            |    50 |    23 ||    73
Block: Other             |    18 |    10 ||    28
       Reflection        |     1 |       ||     1

Table legend: (Time is in decaauts)
 A = Elapsed time spent in this place.
 B = Non-inter-level travel time spent in this place.
 C = Inter-level travel time spent in this place.
 D = Time resting spent in this place.
 E = Time spent auto-exploring this place.
 F = Levels seen in this place.
 G = Mean time per level.
                   A        B        C        D        E       F      G
               +--------+--------+--------+--------+--------+-----+--------+
         Total |   3262 |   2928 |    334 |     16 |   2361 |   3 | 1087.3 |
       Dungeon |   3262 |   2928 |    334 |     16 |   2361 |   3 | 1087.3 |
               +--------+--------+--------+--------+--------+-----+--------+

Top non-repeatable levels by time:
     D:1: 1696 daAuts
     D:2: 1235 daAuts
     D:3: 330 daAuts
